 Dungeon Crawl Stone Soup version 0.30-a0-4-ga7cffc901d (webtiles) character file.

Game seed: 18129633355319544486

65 Setbun the Cutter (level 4, 0/26 HPs)
             Began as a Kobold Brigand on Aug 21, 2022.
             Succumbed to a goblin's poison
             ... on level 2 of the Dungeon.
             The game lasted 00:01:01 (1844 turns).

Setbun the Cutter (Kobold Brigand)                  Turns: 1844, Time: 00:01:02

Health: 0/26       AC:  3    Str:  8    XL:     4   Next: 35%
Magic:  4/4        EV: 14    Int: 12    God:
Gold:   41         SH:  0    Dex: 18    Spells: 3/3 levels left

rFire   . . .      SeeInvis .    a - +2 dagger
rCold   . . .      Faith    .    (no shield)
rNeg    . . .      Spirit   .    b - +0 robe
rPois   .          Reflect  .    (no helmet)
rElec   .          Harm     .    c - +0 cloak
rCorr   .          Rampage  .    (no gloves)
Will    .....                    (no boots)
Stlth   ++++......               (no amulet)
HPRegen 0.08/turn                (no ring)
MPRegen 0.09/turn                (no ring)

@: lethally poisoned (0 -> -7)
A: small, no large weapons, nightstalker 3
a: no special abilities


You were on level 2 of the Dungeon.
You visited 1 branch of the dungeon, and saw 2 of its levels.

You collected 41 gold pieces.

Inventory:

Hand Weapons
 a - a +2 dagger (weapon)
Missiles
 d - 9 poisoned darts (quivered)
 e - 3 curare-tipped darts
Armour
 b - a +0 robe (worn)
 c - a +0 cloak (worn)
Jewellery
 m - a ring of see invisible
 p - a ring of fire
Scrolls
 f - 2 scrolls of poison {unknown}
 h - a scroll of vulnerability {unknown}
 j - 3 scrolls of identify {unknown}
 k - a scroll of fog {unknown}
 o - a scroll of torment {unknown}
 r - a scroll of brand weapon {unknown}
Potions
 g - a potion of mutation {unknown}
 i - a potion of resistance {unknown}
 l - 2 potions of ambrosia {unknown}
 n - a potion of might {unknown}
 q - 2 potions of curing {unknown}


   Skills:
 - Level 2.1 Fighting
 + Level 5.7 Short Blades
 - Level 2.1 Throwing
 - Level 1.2 Dodging
 - Level 5.3 Stealth


You had 3 spell levels left.
You didn't know any spells.
Your spell library was empty.

Dungeon Overview and Level Annotations

Branches:
Dungeon (2/15)

Altars:

Annotations:
D:2 Robin


Innate Abilities, Weirdness & Mutations

You are small and have problems with some larger weapons.
You are completely attuned to the shadows.


Message History

Things that are here:
a +0 club; a +0 sling; a +0 club Robin throws the goblin at you!
The goblin hits you but does no damage.
You are poisoned.
You see here 3 stones.
You hit Robin.
Robin is lightly wounded.
You feel sick. Robin hits you but does no damage.
The goblin completely misses you.
You hit Robin but do no damage.
Robin is lightly wounded.
You feel sick. Robin completely misses you. The goblin closely misses you.
You barely miss Robin.
Robin is lightly wounded.
You feel sick.
You hit Robin.
Robin is moderately wounded.
You feel sick. Robin hits you with a +0 spear. The goblin barely misses you.
You hit Robin.
Robin is moderately wounded.
You feel sick. Robin hits you but does no damage.
The goblin hits you with a +0 dagger of venom.
* * * LOW HITPOINT WARNING * * *
You are more poisoned.
You hit Robin but do no damage.
Robin is moderately wounded.
* * * LOW HITPOINT WARNING * * *
You feel sick.
You hit Robin but do no damage.
Robin is moderately wounded.
* * * LOW HITPOINT WARNING * * *
You feel sick. The goblin hits you but does no damage.
Robin closely misses you.
You closely miss Robin.
Robin is moderately wounded.
* * * LOW HITPOINT WARNING * * *
You feel sick. Robin closely misses you. The goblin misses you.
You hit Robin but do no damage.
Robin is moderately wounded.
You die...

#.# #.#
#.#############.#
#................
###############..รท
#$..........).....
#g#############.##
#g# #.# #g# #.# #@#
#.# #g# #.# #.# #.#
#.#


You could see Robin and 3 goblins.

Vanquished Creatures
  2 adders (D:2)
  4 dart slugs
  6 bats
  5 endoplasms (D:1)
  2 giant cockroaches (D:1)
  3 goblins (D:2)
  A hobgoblin (D:2)
  3 jackals (D:2)
  A quokka (D:1)
  3 ball pythons (D:1)
  3 frilled lizards (D:2)
  2 kobolds (D:1)
  5 rats
40 creatures vanquished.

Notes
Turn   | Place    | Note
-------+----------+-------------------------------------------
     0 | D:1      | Setbun the Kobold Brigand began the quest for the Orb.
     0 | D:1      | Reached XP level 1. HP: 12/12 MP: 1/1
   167 | D:1      | Reached XP level 2. HP: 6/17 MP: 2/2
   389 | D:1      | Found a faded altar of an unknown god.
   678 | D:1      | Reached XP level 3. HP: 21/21 MP: 3/3
  1439 | D:2      | Reached skill level 5 in Short Blades
  1524 | D:2      | Reached XP level 4. HP: 18/26 MP: 4/4
  1826 | D:2      | Noticed Robin
  1843 | D:2      | HP: 1/26 [poisoned by a goblin]
  1844 | D:2      | Succumbed to a goblin's poison

Illustrated notes

Levels and vault maps discovered:
D:1:      tarquinn_simple_flora_water_c, layout_basic,
          chequers_ecumenical_altar_simple
D:2:      layout_loops_ring, uniq_robin

Skill      XL: |  1  2  3 |
---------------+----------+-----
Short Blades   | 3 4 5 |  5.7
Fighting       | |  2.1
Throwing       | |  2.1
Dodging        | |  1.2
Stealth        | |  5.3

Action                   |  1- 3 |  4- 6 || total
-------------------------+-------+-------++-------
Melee: Dagger            |    66 |    20 ||    86
       Punch             |     3 |       ||     3
 Stab: Sleeping          |    14 |     5 ||    19
       Distracted        |     1 |       ||     1
Armor: Robe              |     7 |     5 ||    12
Dodge: Dodged            |    30 |    11 ||    41

Table legend: (Time is in decaauts)
 A = Elapsed time spent in this place.
 B = Non-inter-level travel time spent in this place.
 C = Inter-level travel time spent in this place.
 D = Time resting spent in this place.
 E = Time spent auto-exploring this place.
 F = Levels seen in this place.
 G = Mean time per level.
                   A        B        C        D        E       F      G
               +--------+--------+--------+--------+--------+-----+--------+
         Total |   1825 |   1807 |     18 |    211 |   1415 |   2 |  912.5 |
       Dungeon |   1825 |   1807 |     18 |    211 |   1415 |   2 |  912.5 |
               +--------+--------+--------+--------+--------+-----+--------+

Top non-repeatable levels by time:
     D:1: 1232 daAuts
     D:2: 593 daAuts
